 Dungeon Crawl Stone Soup version 0.31-a0-596-g831eee08f1 (webtiles) character file.

Game seed: 7623288908920411221

14980 thirtiethelement the Covert (level 11, -6/80 HPs)
             Began as a Demonspawn Cinder Acolyte on Aug 20, 2023.
             Was an Elder of Ignis.
             Mangled by a reaper
             ... wielding a +0 scythe of freezing
              (17 damage)
             ... in an ice cave.
             The game lasted 00:36:33 (10788 turns).

thirtiethelement the Covert (DsCA)                 Turns: 10788, Time: 00:36:33

Health: -6/80      AC: 21    Str: 25    XL:     11   Next: 95%
Magic:  22/23      EV: 13    Int: 15    God:    Ignis [****..]
Gold:   455        SH:  0    Dex: 11    Spells: 24/26 levels left

rFire   + . .        M - +12 pair of quick blades "Gyre" and "Gimble" {protect}
rCold   + . .        (shield currently unavailable)
rNeg    . . .        q - +1 robe of Zoofaol {rPois Regen+ Dex+2}
rPois   +            (no helmet)
rElec   .            w - +2 cloak {rC+}
rCorr   .            l - +0 pair of gloves
SInv    .            (no boots)
Will    .....        d - amulet of regeneration
Stlth   ++++         j - +6 ring of strength
HPRegen 1.93/turn    u - +4 ring of protection
MPRegen 0.18/turn

%: no passive effects
@: under a protective aura, hasted, very quick
A: slimy green scales 2, powered by death 1, augmentation 1, demonic magic 2
a: Renounce Religion, Fiery Armour, Foxfire Swarm, Rising Flame


You were in an ice cave.
You worshipped Ignis.
Ignis was greatly pleased with you.
You visited 2 branches of the dungeon, and saw 14 of its levels.
You also visited: Ice Cave.

You collected 618 gold pieces.
You spent 163 gold pieces at shops.

Inventory:

Hand Weapons
 F - the +3 short sword "Xavver" {protect, rC- rCorr Str+2}
   (You found it on level 6 of the Dungeon)

   Str+2:     It affects your strength (+2).
   rC-:       It makes you vulnerable to cold.
   rCorr:     It protects you from acid and corrosion.
 L - a +0 war axe of pain
 M - the +12 pair of quick blades "Gyre" and "Gimble" (weapon) {protect}
   (You found it on level 10 of the Dungeon)
Missiles
 i - 6 boomerangs (quivered)
 o - 5 silver javelins
Armour
 l - a +0 pair of gloves (worn)
 q - the +1 robe of Zoofaol (worn) {rPois Regen+ Dex+2}
   (You found it on level 2 of the Dungeon)

   Dex+2:     It affects your dexterity (+2).
   rPois:     It protects you from poison Regen+: It increases your rate of
   health regeneration.
 w - a +2 cloak of cold resistance (worn)
Jewellery
 d - an amulet of regeneration (around neck)
 f - a ring of wizardry
 h - a ring of positive energy
 j - a +6 ring of strength (left hand)
 u - a +4 ring of protection (right hand)
 D - a ring of flight
Talismans
 a - a blade talisman
 v - a flux talisman
 y - a granite talisman
Wands
 e - a wand of acid (11)
 I - a wand of flame (18)
 N - a wand of charming (5)
Scrolls
 c - 6 scrolls of teleportation
 g - 3 scrolls of enchant weapon
 n - 6 scrolls of poison
 A - a scroll of fear
 B - a scroll of fog
 E - 3 scrolls of revelation
 G - a scroll of enchant armour {unknown}
 O - a scroll of butterflies {unknown}
Potions
 b - a potion of brilliance {unknown}
 k - a potion of magic {unknown}
 m - 3 potions of curing
 p - 2 potions of might {unknown}
 r - a potion of mutation {unknown}
 s - 3 potions of lignification {unknown}
 x - 2 potions of invisibility {unknown}
 z - 3 potions of cancellation {unknown}
 C - a potion of ambrosia {unknown}
 H - 2 potions of enlightenment {unknown}
Miscellaneous
 K - a phial of floods


   Skills:
 + Level 5.3 Fighting
 * Level 5.4 Short Blades
 - Level 6.6 Axes
 + Level 0.1 Throwing
 + Level 4.0 Dodging
 + Level 10.4 Stealth
 + Level 8.2 Spellcasting
 + Level 8.4 Fire Magic


You had 24 spell levels left.
You knew the following spells:

 Your Spells              Type           Power      Damage    Failure   Level
a - Scorch                Fire           62%        2d7       1%          2

Your spell library contained the following spells:

 Spells                   Type           Power      Damage    Failure   Level
 Inner Flame              Hex/Fire       18%        N/A       6%          3
 Portal Projectile        Hex/Tloc       12%        N/A       34%         3
 Tukima's Dance           Hex            6%         N/A       34%         3
 Fireball                 Conj/Fire      9%         3d6       50%         5
 Anguish                  Hex/Necr       3%         N/A       75%         4
 Iskenderun's Mystic Bla  Conj/Tloc      6%         2d4       75%         4
 Leda's Liquefaction      Hex/Erth       3%         N/A       75%         4
 Summon Ice Beast         Ice/Summ       6%         N/A       75%         4
 Iskenderun's Battlesphe  Conj           6%         2d6       97%         5
 Lee's Rapid Deconstruct  Erth           3%         3d5*      97%         5
 Metabolic Englaciation   Hex/Ice        3%         N/A       97%         5
 Conjure Ball Lightning   Conj/Air       3%         3x3d6     100%        6
 Leda's Unmaking          Conj/Erth      3%         9d1       100%        6
 Orb of Destruction       Conj           3%         9d5       100%        7


Dungeon Overview and Level Annotations

Branches:
Dungeon (14/15)            Temple (1/1) D:4            Lair (0/5) D:11
  IceCv (1/1)
    Orc: D:9-12      Vaults: D:13-14

Altars:
Ashenzari
Cheibriados
Dithmenos
Fedhas
Gozag
Hepliaklqana
Kikubaaqudgha
Makhleb
Nemelex Xobeh
Okawaru
Qazlal
Ru
Sif Muna
Trog
Uskayaw
Vehumet
Wu Jian
Xom
Yredelemnul

Shops:
D:5 *   D:6 *[:(


Innate Abilities, Weirdness & Mutations

You are mostly covered in slimy green scales. (AC +3)
You regenerate a little health from kills.
Your magical and physical power is slightly enhanced at high health.
Spells you cast may paralyse nearby enemies.


Message History

The reaper hits you with a +0 scythe of freezing.
You barely miss the reaper. You puncture the reaper!
Your weapon exudes an aura of protection.
You hit the reaper but do no damage. You hit the reaper.
The reaper is lightly wounded.
The reaper is no longer more vulnerable to fire.
The reaper hits you with a +0 scythe of freezing!!
The reaper freezes you.
You hit the reaper but do no damage. x2; You hit the reaper.
You puncture the reaper!
The reaper is moderately wounded.
The reaper hits you with a +0 scythe of freezing!
* * * LOW HITPOINT WARNING * * *
The reaper freezes you.
* * * LOW HITPOINT WARNING * * *
You hit the reaper but do no damage. You closely miss the reaper.
You hit the reaper but do no damage. You hit the reaper.
The reaper is moderately wounded.
The reaper hits you with a +0 scythe of freezing!
* * * LOW HITPOINT WARNING * * *
The reaper freezes you.
* * * LOW HITPOINT WARNING * * *
You feel much better.
The reaper hits you with a +0 scythe of freezing!!
* * * LOW HITPOINT WARNING * * *
The reaper freezes you.
* * * LOW HITPOINT WARNING * * *
You feel much better.
The reaper hits you with a +0 scythe of freezing!!
* * * LOW HITPOINT WARNING * * *
The reaper freezes you.
* * * LOW HITPOINT WARNING * * *
Okay, then.
Aiming: Charm
Press: ? - help, Shift-Dir - straight line, f - reaper
Aim: a reaper, wielding a +0 scythe of freezing (moderately wounded, chance to affect: 1%)
Okay, then.
You feel yourself speed up.
The reaper hits you with a +0 scythe of freezing!
You die...

#.#.'.......'.#.#
#.###.8...8.###.#
#.#.'.......'.#.#
#'######'######'#
#...............#
####8.#####.8####
##.#:?$#.##
#.#.2.#.#
#.#)@?#.#
#.##'##.#
#.......#
####⌠#### ###


You could see a reaper.

Vanquished Creatures
  3 two-headed ogres (D:10)
  A centaur warrior (D:13)
  2 ugly things (D:11)
  2 ice statues (IceCv)
  Maggie (D:7)
  6 ice devils (IceCv)
  A tengu conjurer (D:13)
  An anaconda simulacrum (IceCv)
  3 trolls (D:10)
  A hornet (D:11)
  Sigmund (D:5)
  A shadow (D:10)
  3 dire elephant simulacra (IceCv)
  10 yaks
  A spriggan (D:10)
  A wraith (D:11)
  4 wyverns (D:11)
  A basilisk (D:11)
  A steam dragon (D:9)
  Menkaure (D:7)
  A harpy simulacrum (IceCv)
  5 hydra simulacra (IceCv)
  An acid dragon (D:10)
  3 water moccasins
  3 orc warriors (D:9)
  3 sky beasts
  2 black bears
  2 ogres
  2 wolves (D:11)
  5 centaurs
  3 kobold brigands
  3 bullfrogs
  2 gnoll sergeants (D:10)
  5 scorpions
  4 wights (D:7)
  An elephant simulacrum (IceCv)
  A killer bee (D:11)
  3 howler monkeys (D:10)
  An electric eel (D:6)
  A jelly (D:4)
  2 gnoll boudas
  8 orc priests
  2 hounds
  An iguana (D:7)
  8 orc wizards
  A spriggan simulacrum (IceCv)
  A wolf simulacrum (IceCv)
  11 adders
  15 gnolls
  2 ufetubi
  3 dart slugs
  54 orcs
  4 endoplasms
  6 giant cockroaches
  9 goblins
  6 hobgoblins
  2 jackals (D:3)
  5 quokkas
  8 ball pythons
  3 bats
  A frilled lizard (D:1)
  23 kobolds
  3 rats
274 creatures vanquished.

Vanquished Creatures (others)
  21 foxfires
21 creatures vanquished.

Grand Total: 295 creatures vanquished

Notes
Turn   | Place    | Note
-------+----------+-------------------------------------------
     0 | D:1      | thirtiethelement the Demonspawn Cinder Acolyte began the
                  | quest for the Orb.
     0 | D:1      | Reached XP level 1. HP: 18/18 MP: 2/2
   213 | D:1      | Gained mutation: You are partially covered in slimy green
                  | scales. (AC +2) [demonic ancestry]
   213 | D:1      | Reached XP level 2. HP: 24/24 MP: 3/3
   278 | D:1      | Learned a level 2 spell: Scorch
   545 | D:2      | Got the Codex of the Twinkling Winter
   633 | D:2      | Gained mutation: Spells you cast may paralyse adjacent
                  | enemies. [demonic ancestry]
   633 | D:2      | Reached XP level 3. HP: 13/29 MP: 4/4
   735 | D:2      | Found a faded altar of an unknown god.
   743 | D:2      | Identified the +1 robe of Zoofaol {rPois Regen+ Dex+2}
  1299 | D:2      | Reached XP level 4. HP: 35/35 MP: 2/5
  2447 | D:4      | Noticed a scorpion
  2458 | D:4      | Killed a scorpion
  2459 | D:4      | Reached skill level 1 in Stealth
  2459 | D:4      | Reached XP level 5. HP: 23/41 MP: 2/7
  2559 | D:4      | Reached skill level 2 in Stealth
  3340 | D:4      | Found a staircase to the Ecumenical Temple.
  3495 | Temple   | Entered the Ecumenical Temple
  3535 | D:5      | Entered Level 5 of the Dungeon
  3562 | D:5      | Gained mutation: You are mostly covered in slimy green
                  | scales. (AC +3) [demonic ancestry]
  3562 | D:5      | Reached XP level 6. HP: 47/47 MP: 1/9
  3716 | D:5      | Noticed Sigmund
  3734 | D:5      | Killed Sigmund
  3735 | D:5      | Reached skill level 1 in Dodging
  3839 | D:5      | Reached skill level 3 in Stealth
  3842 | D:5      | Gained mutation: You regenerate a little health from kills.
                  | [demonic ancestry]
  3842 | D:5      | Reached XP level 7. HP: 53/53 MP: 6/11
  4167 | D:5      | Found Iobbor's Incredible Inventory.
  4571 | D:6      | Found a blossoming altar of Fedhas.
  4746 | D:6      | Identified the +3 short sword "Xavver" {protect, rC- rCorr
                  | Str+2}
  4766 | D:6      | Found Zoikhepe's Weapon Emporium.
  4768 | D:6      | Found Doeloymm's Armour Shoppe.
  4768 | D:6      | Found Woukkeoz's Assorted Antiques.
  4768 | D:6      | Found Asil's Book Emporium.
  5056 | D:6      | Reached skill level 4 in Stealth
  5059 | D:6      | Reached XP level 8. HP: 60/60 MP: 6/14
  5121 | D:6      | Found a shimmering blue altar of Sif Muna.
  5153 | D:6      | Reached skill level 5 in Fire Magic
  5447 | D:6      | Found Vaox's CLEARANCE SALE!.
  5467 | D:6      | Bought a potion of haste for 30 gold pieces
  5467 | D:6      | Bought a phial of floods for 120 gold pieces
  5467 | D:6      | Bought a +0 pair of gloves for 13 gold pieces
  5621 | D:7      | Reached skill level 5 in Stealth
  5934 | D:7      | Noticed Menkaure
  5938 | D:7      | Reached skill level 5 in Spellcasting
  5945 | D:7      | Killed Menkaure
  6027 | D:7      | Noticed Maggie
  6054 | D:7      | Killed Maggie
  6055 | D:7      | Reached skill level 6 in Stealth
  6055 | D:7      | Gained mutation: Your magical and physical power is
                  | slightly enhanced at high health. [demonic ancestry]
  6055 | D:7      | Reached XP level 9. HP: 35/65 MP: 0/17
  6901 | D:8      | Reached skill level 5 in Axes
  7539 | D:9      | Reached skill level 7 in Stealth
  8245 | D:10     | Entered Level 10 of the Dungeon
  8264 | D:10     | Gained mutation: Spells you cast may paralyse nearby
                  | enemies. [demonic ancestry]
  8264 | D:10     | Reached XP level 10. HP: 61/73 MP: 9/19
  8280 | D:10     | Reached skill level 8 in Stealth
  8655 | D:10     | Found an opulent altar of Gozag.
  8655 | D:10     | Found a basalt altar of Yredelemnul.
  8655 | D:10     | Found an iron altar of Okawaru.
  8656 | D:10     | Found a sacrificial altar of Ru.
  8754 | D:10     | Noticed a two-headed ogre
  8763 | D:10     | Killed a two-headed ogre
  8907 | D:10     | Noticed a two-headed ogre
  8907 | D:10     | Noticed a two-headed ogre
  8920 | D:10     | Killed a two-headed ogre
  8921 | D:10     | Reached skill level 9 in Stealth
  8984 | D:10     | Found the +12 pair of quick blades "Gyre" and "Gimble"
                  | {protect}
  8992 | D:10     | Killed a two-headed ogre
  8993 | D:10     | Reached skill level 5 in Fighting
  9426 | D:11     | Found a staircase to the Lair.
  9438 | D:11     | Reached XP level 11. HP: 71/79 MP: 11/21
  9448 | D:11     | Reached skill level 1 in Short Blades
  9514 | D:11     | Noticed a red ugly thing
  9524 | D:11     | Killed a red ugly thing
  9800 | D:11     | Noticed a brown ugly thing
  9805 | D:11     | Killed a brown ugly thing
 10147 | D:11     | You fall into a shaft and drop 3 floors!
 10150 | D:14     | Noticed a tengu warrior
 10164 | D:14     | Noticed a blizzard demon
 10167 | D:14     | Noticed a sixfirhy
 10168 | D:14     | Noticed a sixfirhy
 10168 | D:14     | Noticed a sixfirhy
 10257 | D:13     | Noticed a centaur warrior
 10268 | D:13     | Killed a centaur warrior
 10269 | D:13     | Reached skill level 10 in Stealth
 10278 | D:13     | Found a frozen archway.
 10283 | IceCv    | Entered an ice cave
 10646 | IceCv    | Reached skill level 5 in Short Blades
 10779 | IceCv    | Noticed a reaper
 10788 | IceCv    | Mangled by a reaper

Illustrated notes

Levels and vault maps discovered:
D:1:      enne_arrival_octagon_isle, layout_basic
D:2:      layout_basic, hellmonk_ecumenical_altar_run_dry
D:3:      layout_basic
D:4:      layout_loops_ring, minmay_temple_entry_poolview
D:5:      layout_gridville, nicolae_alphabet_shops, uniq_sigmund
D:6:      layout_loops_ring, lemuel_crystal_altar,
          nicolae_sif_muna_condensation, nrook_loot_triangle,
          nicolae_shop_national_dungeon_mall, nicolae_shop_clearance
D:7:      layout_gridville, uniq_maggie, uniq_menkaure
D:8:      layout_layer_cave, minivault_27
D:9:      layout_roguey [special_room_orc]
D:10:     layout_loops_ring, grunt_temple_overflow_open,
          hellmonk_guarded_unrand_gyre_and_gimble
D:11:     layout_basic, minmay_lair_entry_grove
D:13:     layout_irregular_city, grunt_vaults_entry_tiered,
          portal_ice_cave_entry_pillars_1, uniq_maurice, uniq_frances
D:14:     minmay_shoctagon, layout_loops_ring, gammafunk_ghost_icy,
          fedhas_altar_3
Temple:   nicolae_temple_slightly_damp_pantheon
IceCv:    ice_cave_tombish

Skill      XL: |  1  2  3  4  5  6  7  8  9 10 11 |
---------------+----------------------------------+-----
Fire Magic     | 3 4 5 6 7 8 |  8.4
Axes           | 3 4 5 6 |  6.6
Stealth        | 1 2 3 4 6 7 9 10 | 10.4
Spellcasting   | 2 3 4 5 6 7 8 |  8.2
Dodging        | 1 2 3 4 |  4.0
Fighting       | 4 5 |  5.3
Short Blades   | 5 |  5.4
Throwing       | |  0.1

Action                     |  1- 3 |  4- 6 |  7- 9 | 10-12 || total
---------------------------+-------+-------+-------+-------++-------
  Melee: Hand axe          |   108 |    53 |    84 |       ||   245
         Punch             |     1 |     2 |       |     3 ||     6
         War axe           |       |       |    81 |    44 ||   125
         Pair of quick bla |       |       |       |   220 ||   220
  Throw: Javelin           |     1 |     1 |     3 |       ||     5
   Cast: Scorch            |     4 |    39 |   118 |    84 ||   245
 Invoke: Fiery Armour      |       |     1 |       |     1 ||     2
         Foxfire Swarm     |       |       |       |     2 ||     2
    Use: Scroll            |       |     5 |     6 |     4 ||    15
         Potion            |       |       |       |     5 ||     5
   Stab: Paralysed         |     1 |    21 |   105 |    54 ||   181
         Sleeping          |       |     1 |     5 |    11 ||    17
         Distracted        |       |       |     1 |       ||     1
 Armour: Robe              |    41 |    28 |    99 |    86 ||   254
  Dodge: Dodged            |    63 |    36 |    96 |    88 ||   283

Table legend: (Time is in decaauts)
 A = Elapsed time spent in this place.
 B = Non-inter-level travel time spent in this place.
 C = Inter-level travel time spent in this place.
 D = Time resting spent in this place.
 E = Time spent auto-exploring this place.
 F = Levels seen in this place.
 G = Mean time per level.
                   A        B        C        D        E       F      G
               +--------+--------+--------+--------+--------+-----+--------+
         Total |  10836 |  10543 |    293 |    362 |   7798 |  15 |  722.4 |
       Dungeon |  10324 |  10032 |    292 |    145 |   7798 |  13 |  794.2 |
        Temple |     19 |     19 |      0 |      0 |      0 |   1 |   19.0 |
      Ice Cave |    492 |    492 |      0 |    217 |      0 |   1 |  492.0 |
               +--------+--------+--------+--------+--------+-----+--------+

Top non-repeatable levels by time:
     D:4: 1132 daAuts
    D:10: 1101 daAuts
     D:6: 1060 daAuts
     D:5: 1017 daAuts
     D:3: 942 daAuts
     D:2: 914 daAuts
     D:8: 911 daAuts
     D:7: 905 daAuts
     D:9: 841 daAuts
    D:11: 815 daAuts
     D:1: 546 daAuts
   IceCv: 492 daAuts
    D:13: 114 daAuts
    D:14: 21 daAuts
  Temple: 19 daAuts
